 Dungeon Crawl Stone Soup version 0.24-a0-618-ge4662a2 (webtiles) character file.

Game seed: 11120327952704476589, levelgen mode: deterministic

13257 BoppinsLewinski the Severer (level 12, -2/79 HPs)
             Began as a Halfling Skald on Sept 16, 2019.
             Was a High Priest of Okawaru.
             Slain by an eight-headed hydra (11 damage)
             ... on level 2 of the Lair of Beasts.
             The game lasted 00:34:20 (12892 turns).

BoppinsLewinski the Severer (Halfling Skald)       Turns: 12892, Time: 00:34:20

Health: -2/79      AC: 13    Str: 15    XL:     12   Next: 30%
Magic:  23/26      EV: 16    Int: 12    God:    Okawaru [*****.]
Gold:   586        SH:  0    Dex: 15    Spells: 8/17 levels left

rFire    + . .     SeeInvis .   D - +3 broad axe (elec)
rCold    . . .     Gourm    .   (shield currently unavailable)
rNeg     . . .     Faith    .   f - +0 ring mail
rPois    .         Spirit   .   (helmet restricted)
rElec    .         Reflect  .   A - +2 cloak {MR+}
rCorr    .         Harm     .   p - +1 pair of gloves
MR       +....                  y - +0 pair of boots
Stlth    +.........             (no amulet)
HPRegen  0.23/turn              r - ring of wizardry
MPRegen  0.20/turn              m - ring of the Clam {+Blink MP+9 Slay+6}

@: infused, singing (expiring)
A: small, antennae 1, fire resistance 1, mutation resistance 1
a: Heroism, Finesse, Renounce Religion, Evoke Blink


You were on level 2 of the Lair of Beasts.
You worshipped Okawaru.
Okawaru was extremely pleased with you.
You were hungry.

You visited 2 branches of the dungeon, and saw 11 of its levels.

You collected 736 gold pieces.
You spent 150 gold pieces at shops.

Inventory:

Hand Weapons
 g - a +0 war axe
 x - a +0 flail
 D - a +3 broad axe of electrocution (weapon)
Armour
 f - a +0 ring mail (worn)
 p - a +1 pair of gloves (worn)
 y - a +0 pair of boots (worn)
 A - a +2 cloak of magic resistance (worn)
Jewellery
 m - the ring of the Clam (right hand) {+Blink MP+9 Slay+6}
   (You bought it in a shop on level 4 of the Dungeon)

   [ring of magical power]

   It affects your accuracy and damage with ranged weapons and melee attacks
   (+6).
   It affects your magic capacity (+9).
   It lets you blink.
 r - a ring of wizardry (left hand)
Wands
 a - a wand of digging (3)
 s - a wand of polymorph (6)
 v - a wand of clouds (7)
 B - a wand of flame (21)
Scrolls
 b - 2 scrolls of immolation
 i - 6 scrolls of remove curse
 j - a scroll of fog
 k - 7 scrolls of identify
 n - 11 scrolls of teleportation
 t - 3 scrolls of fear
 u - a scroll of enchant weapon
Potions
 h - 2 potions of flight
 l - a potion of magic
 q - 4 potions of brilliance
 z - a potion of resistance
Comestibles
 d - 19 rations


   Skills:
 * Level 6.0 Fighting
   Level 5.5 Long Blades
 + Level 15.0 Axes
 + Level 6.3 Armour
 + Level 5.3 Dodging
 + Level 3.4 Spellcasting
 + Level 5.8 Charms
 + Level 7.1 Poison Magic
 - Level 0.2 Evocations


You had 8 spell levels left.
You knew the following spells:

 Your Spells              Type           Power        Failure   Level  Hunger
a - Infusion              Chrm           ###.         1%          1    #......
b - Song of Slaying       Chrm           ###.....     2%          2    ##.....
c - Spectral Weapon       Hex/Chrm       #.......     16%         3    ###....
d - Mephitic Cloud        Conj/Pois/Air  #.......     19%         3    ###....

Your spell library contained the following spells:

 Spells                   Type           Power        Failure   Level  Hunger
 Shroud of Golubria       Chrm/Tloc      #.....       8%          2    ##.....
 Swiftness                Chrm/Air       #.......     8%          2    ##.....
 Magic Dart               Conj           #...         16%         1    #......
 Shock                    Conj/Air       #...         16%         1    #......
 Regeneration             Chrm/Necr      #.........   16%         3    ###....
 Blink                    Tloc           N/A          26%         2    ##.....
 Call Imp                 Summ           #.......     26%         2    ##.....
 Searing Ray              Conj           #.....       26%         2    ##.....
 Slow                     Hex            #.......     26%         2    ##.....
 Conjure Flame            Conj/Fire      #.......     43%         3    ###....
 Dazzling Spray           Conj/Hex       #.....       43%         3    ###....
 Static Discharge         Conj/Air       #.......     43%         3    ###....
 Airstrike                Air            #.........   82%         4    #####..
 Force Lance              Conj/Tloc      #.......     82%         4    #####..
 Fulminant Prism          Conj/Hex       #.........   82%         4    #####..
 Iskenderun's Mystic Bla  Conj           #.......     82%         4    #####..
 Irradiate                Conj/Tmut      #.........   98%         5    ######.
 Lightning Bolt           Conj/Air       #.........   98%         5    ######.
 Hydra Form               Tmut           #.........   100%        6    #######
 Statue Form              Tmut/Erth      #........    100%        6    #######
 Dragon Form              Tmut           #.........   100%        7    #######


Dungeon Overview and Level Annotations

Branches:
Dungeon (9/15)             Temple (0/1) D:6            Lair (2/6) D:9
  Swamp: Lair:2-4    Shoals: Lair:2-4     Snake: Lair:2-4    Spider: Lair:2-4
    Orc: D:9-12

Altars:
Cheibriados
Dithmenos
Elyvilon
Gozag
Hepliaklqana
Kikubaaqudgha
Nemelex Xobeh
Okawaru
Qazlal
Uskayaw
Vehumet
Xom
Yredelemnul
Zin

Shops:
D:4 [*?

Annotations:
Lair:1 3 runed translucent doors, lileebee's ghost, journeyman GnWn


Innate Abilities, Weirdness & Mutations

You are small and have problems with some larger weapons.
You are somewhat resistant to further mutation.
You have a pair of small antennae on your head.
Your flesh is heat resistant. (rF+)


Message History

Tha five-headed hydra be heavily wounded.
Ye slash tha swamp worm!
Ye kill tha swamp worm!
Okawaru accepts yer kill.
Yer Axes skill increases ta level 15!
Ye chop 'un o' tha sev'n-headed hydra's heads off!
Tha six-headed hydra grows two more!
Ye hit tha eight-headed hydra.
Yer song be almost o'er.
Ye be feelin' hungry.
Tha eight-headed hydra completely misses ye.
Tha eight-headed hydra barely misses ye.
Tha eight-headed hydra closely misses ye.
Tha eight-headed hydra bites ye!
* * * LOW HITPOINT WARNIN'
* * * Tha eight-headed hydra bites ye but does nay damage.
Tha eight-headed hydra bites ye.
* * * LOW HITPOINT WARNIN'
* * * Tha eight-headed hydra closely misses ye.
Tha eight-headed hydra bites ye!
Ye die...

.P#.#♣≈≈ ♣....###..## .......≈
♣........... .......
♣♣........... .....♣ ♣♣♣♣♣
♣............ .....♣♣♣.♣.♣
♣♣♣♣♣♣♣............
......♣....♣♣♣♣.♣..♣.............
...†.............................
...............D.D...............
#.............>†@.......#..P##...
##......................#...P##..
##.........................##...
##........................P....
##...................#.. P..
#####.....#.............#.
#......................#.
###.....................
#..................


You could see an eight-headed hydra and a five-headed hydra.

Vanquished Creatures
  Erica (Lair:2)
  A wizard (D:8)
  Pikel (D:9)
  An orc sorcerer (D:8)
  A manticore (D:6)
  3 spiny frogs
  2 komodo dragons
  A queen bee (Lair:1)
  4 hippogriffs
  5 blink frogs (Lair:2)
  Grum (D:9)
  11 yaks
  A swamp worm (Lair:2)
  2 water moccasins
  5 porcupines
  4 orc warriors
  A sky beast (D:5)
  A phantom (D:7)
  7 wolves
  4 crocodiles
  4 centaurs
  9 bullfrogs
  2 scorpions
  29 killer bees
  A howler monkey (D:5)
  6 crimson imps
  A centaur zombie (D:8)
  4 orc priests
  A centaur skeleton (D:8)
  4 hounds
  3 jellies
  8 orc wizards
  A bullfrog skeleton (D:7)
  Crazy Yiuf (D:7)
  3 iguanas
  Terence (D:3)
  4 worker ants
  A killer bee zombie (D:8)
  A hound zombie (D:6)
  A hound skeleton (D:6)
  Robin (D:3)
  4 gnolls
  A howler monkey skeleton (D:6)
  13 adders
  2 shadow imps
  An ooze (D:3)
  An adder zombie (D:9)
  A worm (D:2)
  A dart slug (D:4)
  4 leopard geckos
  22 orcs
  11 bats
  A bat zombie (D:4)
  7 giant cockroaches
  11 goblins
  10 hobgoblins
  5 jackals
  8 kobolds
  6 quokkas
  A ball python (D:1)
  4 frilled lizards
  11 rats
  A rat zombie (D:4)
  A fungus (Lair:2)
270 creatures vanquished.

Vanquished Creatures (others)
  A slave (D:9)
  A killer bee (D:9)
  3 fungi
  A plant (D:9)
  3 spectral weapons
9 creatures vanquished.

Grand Total: 279 creatures vanquished

Notes
Turn   | Place    | Note
-------+----------+-------------------------------------------
     0 | D:1      | BoppinsLewinski the Halfling Skald began the quest for the
                  | Orb.
     0 | D:1      | Reached XP level 1. HP: 14/14 MP: 3/3
   600 | D:1      | Reached XP level 2. HP: 19/19 MP: 4/4
   795 | D:1      | Learned a level 2 spell: Song of Slaying
   897 | D:1      | Reached XP level 3. HP: 24/24 MP: 5/5
  1560 | D:1      | Reached XP level 4. HP: 16/29 MP: 0/6
  2146 | D:2      | Noticed a +0 dagger
  2147 | D:2      | Noticed a +0 dagger
  2151 | D:2      | Found a hide-covered altar of Uskayaw.
  2286 | D:2      | Found an iron altar of Okawaru.
  2297 | D:2      | Reached XP level 5. HP: 32/34 MP: 3/7
  2301 | D:2      | Became a worshipper of Warmaster Okawaru
  2495 | D:3      | Learned a level 3 spell: Spectral Weapon
  2511 | D:3      | Noticed Terence
  2521 | D:3      | Killed Terence
  3061 | D:3      | Identified the +1 helmet "Litru" {rN++}
  3061 | D:3      | Noticed Robin
  3104 | D:3      | Killed Robin
  3226 | D:3      | Found a white marble altar of Elyvilon.
  3228 | D:3      | Found a sparkling altar of Nemelex Xobeh.
  3492 | D:4      | Reached XP level 6. HP: 35/39 MP: 3/8
  3611 | D:4      | Found Ompoegh's Magic Scroll Boutique.
  3786 | D:4      | Found Leank's Assorted Antiques.
  3798 | D:4      | Bought a fine glass ring for 150 gold pieces
  3798 | D:4      | Identified the ring of the Clam {+Blink MP+9 Slay+6} (You
                  | bought it in a shop on level 4 of the Dungeon)
  3829 | D:4      | Reached * piety under Okawaru
  3829 | D:4      | Reached skill level 5 in Long Blades
  3829 | D:4      | Reached XP level 7. HP: 7/45 MP: 1/9
  4119 | D:4      | Found Echuamuh's Armour Emporium.
  4415 | D:4      | Found an ancient bone altar of Kikubaaqudgha.
  4558 | D:5      | Entered Level 5 of the Dungeon
  4568 | D:5      | Learned a level 3 spell: Mephitic Cloud
  4744 | D:5      | Reached skill level 1 in Axes
  4762 | D:5      | Reached skill level 2 in Axes
  4762 | D:5      | Reached skill level 1 in Poison Magic
  4905 | D:5      | Reached XP level 8. HP: 49/52 MP: 11/11
  5050 | D:5      | Found the +9 staff of Olgreb {rPois}
  5096 | D:5      | Found a glowing silver altar of Zin.
  5096 | D:5      | Found an opulent altar of Gozag.
  5109 | D:5      | Reached skill level 3 in Axes
  5163 | D:5      | Reached ** piety under Okawaru
  5445 | D:6      | Reached skill level 4 in Axes
  5570 | D:6      | Reached skill level 5 in Axes
  5904 | D:6      | Found a hazy altar of Hepliaklqana.
  5987 | D:6      | Found a basalt altar of Yredelemnul.
  6013 | D:6      | You fall into a shaft and drop 3 floors!
  6014 | D:9      | Noticed Pikel
  6026 | D:9      | Killed Pikel
  6026 | D:9      | Reached skill level 8 in Axes
  6026 | D:9      | Reached XP level 9. HP: 35/57 MP: 7/12
  6169 | D:8      | Noticed an orc sorcerer
  6169 | D:8      | Noticed a wizard
  6319 | D:7      | Found a stormy altar of Qazlal.
  6340 | D:7      | Reached skill level 9 in Axes
  6427 | D:6      | Found a staircase to the Ecumenical Temple.
  6485 | D:7      | Found a runed translucent door.
  6527 | D:6      | Reached *** piety under Okawaru
  6887 | D:6      | Noticed a manticore
  6902 | D:6      | Killed a manticore
  6902 | D:6      | Reached skill level 10 in Axes
  7214 | D:6      | Found a shadowy altar of Dithmenos.
  7706 | D:7      | Reached XP level 10. HP: 53/63 MP: 13/13
  7754 | D:7      | Found a radiant altar of Vehumet.
  7755 | D:7      | Found a snail-covered altar of Cheibriados.
  7821 | D:7      | Found a shimmering altar of Xom.
  7937 | D:7      | Noticed Crazy Yiuf
  8043 | D:7      | Killed Crazy Yiuf
  8091 | D:8      | Reached skill level 11 in Axes
  8116 | D:8      | HP: 2/63 [ynoxinul/iron shot[an orc sorcerer] (26)]
  8118 | D:8      | Killed an orc sorcerer
  8118 | D:8      | Reached **** piety under Okawaru
  8118 | D:8      | Reached skill level 5 in Armour
  8507 | D:8      | Gained mutation: You have a pair of small antennae on your
                  | head. [potion of mutation]
  8507 | D:8      | Gained mutation: Your flesh is heat resistant. (rF+)
                  | [potion of mutation]
  8517 | D:8      | Killed a wizard
  8517 | D:8      | Reached skill level 12 in Axes
  8517 | D:8      | Reached skill level 5 in Poison Magic
  9027 | D:9      | Reached skill level 5 in Charms
  9419 | D:9      | Reached skill level 13 in Axes
  9421 | D:9      | Reached ***** piety under Okawaru
  9919 | D:9      | Noticed Grum
  9941 | D:9      | Killed Grum
  9941 | D:9      | Reached XP level 11. HP: 46/70 MP: 15/15
 10120 | D:9      | Found a staircase to the Lair.
 10187 | Lair:1   | Entered Level 1 of the Lair of Beasts
 10333 | Lair:1   | Reached skill level 5 in Fighting
 10599 | Lair:1   | Received a gift from Okawaru
 10657 | Lair:1   | Reached skill level 14 in Axes
 11092 | Lair:1   | Found a runed translucent gate.
 11092 | Lair:1   | Found a runed translucent gate.
 11095 | Lair:1   | Found a runed translucent gate.
 11095 | Lair:1   | Noticed lileebee's ghost (journeyman GnWn)
 11190 | Lair:1   | Reached skill level 5 in Dodging
 11815 | Lair:2   | HP: 3/108 [blink frog (5)]
 11821 | Lair:2   | Reached XP level 12. HP: 5/78 MP: 16/16
 11823 | Lair:2   | Received a gift from Okawaru
 12225 | Lair:2   | Noticed Erica
 12245 | Lair:2   | Killed Erica
 12874 | Lair:2   | Noticed a four-headed hydra
 12876 | Lair:2   | Noticed a seven-headed hydra
 12892 | Lair:2   | Reached skill level 15 in Axes
 12892 | Lair:2   | Slain by an eight-headed hydra

Levels and vault maps discovered:
D:1:      giann_bridges, layout_basic, minmay_misc_feat_diagonals
D:2:      layout_rooms, dancing_weapons_uskayaw, marbit_many_paths,
          first_ration, wander_ebering_terrifying_dragon_lair
D:3:      layout_loops_ring, nemelex_xobeh_ov_fountains_minmay,
          overflow_temple_1_default, uniq_terence, uniq_robin
D:4:      lemuel_upstairs_altar, layout_rooms,
          lemuel_zombie_altar_kikubaaqudgha, serial_corexii_hall,
          corexii_hall_statues_l, chequers_hall_statues_corner_a, serial_shops,
          nicolae_shop_trees, nicolae_shop_stone, nicolae_shop_crystal,
          minmay_manual_mares
D:5:      layout_rooms, grunt_temple_overflow_gold_and_silver
D:6:      layout_loops_ring, grunt_dithmenos_smoke_and_mirrors,
          lemuel_round_altar, nicolae_overflow_crystal_walls,
          minmay_temple_entry_from_below_a
D:7:      layout_basic, kennysheep_mini_moat, gammafunk_temple_overflow_statue,
          grunt_qazlal_sundering, uniq_crazy_yiuf_cottage
D:8:      cheibrodos_wizards_tower, layout_basic, nicolae_ossuary_entry_ruins
D:9:      layout_rooms, grunt_lair_entry_orc_guard_hut, uniq_pikel, uniq_grum
Lair:1:   layout_roguey [special_room_bee], ebering_ghost_rock_garden
Lair:2:   layout_gridlike, palyth_hydra_swamp_entry, uniq_erica

Skill      XL: |  1  2  3  4  5  6  7  8  9 10 11 12 |
---------------+-------------------------------------+-----
Fighting       | 2 3 4 5 6 |  6.0
Long Blades    | 3 4 5 |  5.5
Charms         | 4 5 |  5.8
Armour         | 2 3 4 5 6 |  6.3
Spellcasting   | 2 3 |  3.4
Axes           | 2 8 10 13 14 15 | 15.0
Dodging        | 3 4 5 |  5.3
Poison Magic   | 1 2 4 5 6 7 |  7.1
Evocations     | |  0.2

Action                   |  1- 3 |  4- 6 |  7- 9 | 10-12 || total
-------------------------+-------+-------+-------+-------++-------
Melee: Falchion          |   116 |   204 |    35 |       ||   355
       War axe           |       |       |   180 |   181 ||   361
       Broad axe         |       |       |       |   137 ||   137
 Cast: Infusion          |     4 |     7 |    13 |    20 ||    44
       Song of Slaying   |       |     3 |     5 |    13 ||    21
       Spectral Weapon   |       |       |     1 |     2 ||     3
Evoke: Wand              |       |       |       |     3 ||     3
  Use: Potion            |     1 |     4 |     6 |    11 ||    22
       Scroll            |       |     9 |     3 |     1 ||    13
 Stab: Invisible         |       |       |     3 |       ||     3
       Distracted        |       |       |       |     1 ||     1
  Eat: Chunk             |     2 |     8 |    10 |    11 ||    31
       Ration            |       |       |     1 |     2 ||     3
Armor: Leather armour    |     4 |       |       |       ||     4
       Ring mail         |    36 |    68 |    86 |    98 ||   288
       Chain mail        |       |    41 |       |       ||    41
       Skin              |       |       |       |     2 ||     2
Dodge: Dodged            |   100 |   179 |   199 |   260 ||   738
       Rpst.: Falchion   |    30 |    63 |     8 |       ||   101

Table legend:
 A = Non-vault XP
 B = Vault XP
 C = Vault XP percentage of total XP
 D = Non-vault monster count
 E = Vault monster count
 F = Vault count percentage of total count
                 A         B        C        D         E       F
            +---------+---------+-------+---------+---------+-------
      Total |   12312 |    6627 |  35.0 |     212 |      57 |  21.2
            +---------+---------+-------+---------+---------+-------
        D:1 |      64 |       0 |   0.0 |      30 |       0 |   0.0
        D:2 |      84 |      16 |  16.0 |      23 |       3 |  11.5
        D:3 |      30 |      61 |  67.0 |      15 |       7 |  31.8
        D:4 |     176 |     219 |  55.4 |      20 |       4 |  16.7
        D:5 |     499 |       0 |   0.0 |      18 |       0 |   0.0
        D:6 |    1183 |       0 |   0.0 |      21 |       0 |   0.0
        D:7 |     926 |      39 |   4.0 |      19 |       1 |   5.0
        D:8 |     554 |    1289 |  69.9 |      11 |       2 |  15.4
        D:9 |     641 |    2046 |  76.1 |      15 |      11 |  42.3
     Lair:1 |    4091 |    1847 |  31.1 |      20 |      26 |  56.5
     Lair:2 |    4064 |    1110 |  21.5 |      20 |       3 |  13.0
            +---------+---------+-------+---------+---------+-------
